Unix NetHack Version 5.0.0-0 post-release - last build Jun 10 2026 00:39:30 (3ee93aec679c4c4259841fe613dc97188e26a321,branch:main).

Game began 2026-07-08 21:46:20, ended 2026-07-08 23:07:27.

BATTLEMODE, chaotic female elven Wizard

                                                                      --------
                                                                  ####-......|
                                                                ###   |......|
                                                              ###     .......|
                                                        #######       |.....<|
                                               ##########             --------
                            -|---              #----------------
                            |...               #-.....>........|
                            |.n.|             ##|.............)-#
                            |f..----            |..............|#
                            |......| ##-----    |..............|#
                            |..^^..-###|...| #  ----------------##
                            |....^.| # |(.`|##########################
                            |...---- ##.....#                     ##--------
                            |..x|      |...|#                      #|......|
                            |...|      -----#                      #...)...|
                            -----                                   --------

BATTLEMODE the Conjurer   St:10 Dx:18 Co:12 In:20 Wi:11 Ch:7  Chaotic
Dlvl:4  $:56 HP:0(23) Pw:21(21) AC:6  Xp:3 T:2025  Hungry  

Latest messages:
 d - an uncursed ring of invisibility (on right hand).
 What do you want to put on? [e or ?*] e
 e - an uncursed +1 ring of protection (on left hand).
 You are beginning to feel hungry.
 There is nothing here to pick up.
 Pick a monster, object or location.
 You see here a crossbow.
 You see here 12 arrows.
 An arrow shoots out at you!
 You are hit by an arrow.
 The giant rat bites!
 The giant rat misses!
 You miss the giant rat.
 The giant rat bites!
 You kill the giant rat!
 You see here a giant rat corpse.
 The giant rat bites!
 You kill the giant rat!
 There is a giant rat corpse here; eat it? [ynq] (n) y
 This giant rat corpse is gamey.
 You finish eating the giant rat corpse.
 It's solid stone.
 It's solid stone.
 There's some graffiti on the floor here.
 You read: "A winner never quits   ^ ?u?t?er nevc? wins."
 You see here a large box.
 The large box is empty.
 You hit the leprechaun!
 The leprechaun wakes up!
 The leprechaun screams!
 The leprechaun jumps onto a teleportation trap!
 The leprechaun vanishes!
 The leprechaun suddenly disappears!
 You hear the chime of a cash register.
 You feel a wrenching sensation.
 You feel a wrenching sensation.
 Pick a monster, object or location.
 Unknown direction: '5' (use '4', '2', '8', '6' or '.').
 The mountain nymph plays a horn directed at you!
 The mountain nymph plays a frost horn directed at you!
 The bolt of cold hits you!
 Your potion of full healing freezes and shatters!
 Your potion of levitation freezes and shatters!
 Your smoky potion freezes and shatters!
 You die...
 Do you want your possessions identified? [ynq] (y) y
 Do you want to see your attributes? [ynq] (y) y
 Do you want an account of creatures vanquished? [ynaq] (y) y
 Do you want to see your conduct and achievements? [ynq] (y) y
 Do you want to see the dungeon overview? [ynq] (y) y

Inventory:
 Coins    ('$')
  $ - 56 gold pieces
 Weapons  (')')
  q - 18 +0 darts (at the ready)
  a - a blessed +1 quarterstaff (weapon in hands)
 Armor    ('[')
  F - an uncursed +1 pair of water walking boots (being worn)
  b - an uncursed +0 cloak of magic resistance (being worn)
 Comestibles  ('%')
  I - an uncursed partly eaten lichen corpse
 Scrolls  ('?')
  j - an uncursed scroll of destroy armor
  y - an uncursed scroll of enchant weapon
  k - an uncursed scroll of remove curse
  i - an uncursed scroll of teleportation
 Spellbooks  ('+')
  m - an uncursed spellbook of extra healing
  l - a blessed spellbook of force bolt
 Potions  ('!')
  g - an uncursed potion of restore ability
  x - an uncursed potion of water
 Rings    ('=')
  d - an uncursed ring of invisibility (on right hand)
  e - an uncursed +1 ring of protection (on left hand)
 Wands    ('/')
  v - a wand of sleep (0:4)
  c - a wand of speed monster (0:8)
 Tools    ('(')
  o - an uncursed bell
  t - a cursed lock pick
  n - a magic marker (0:21)
  B - an uncursed oil lamp
 Gems/Stones  ('*')
  s - an uncursed amethyst stone

BATTLEMODE the Wizard's attributes:

Background:
 You were a Conjurer, a level 3 female elven Wizard.
 You were chaotic, nominally on a mission for Anhur
 who was opposed by Ptah (lawful) and Thoth (neutral).
 You were right-handed.
 You were in the Dungeons of Doom, on level 4.
 You entered the dungeon 2025 turns ago.
 It was nighttime.
 You had 72 experience points, 8 more were needed to attain level 4.

Basics:
 You had 0 out of 23 hit points.
 You had all 21 energy points (spell power).
 Your armor class was 6.
 Your wallet contained 56 zorkmids.
 Autopickup was off.

Final Characteristics:
 Your strength was 10 (limit:18).
 Your dexterity was 18 (limit:18).
 Your constitution was 12 (limit:16).
 Your intelligence was 20 (limit:20).
 Your wisdom was 11 (limit:20).
 Your charisma was 7 (limit:18).

Final Status:
 You were hungry.
 You were unencumbered.
 You were wielding a quarterstaff.
 You had basic skill with quarterstaff.

Final Attributes:
 You were fervently aligned.
 You were magic-protected.
 You had infravision.
 You were invisible.
 You could walk on water.
 You had a small defense bonus (+1).
 You were guarded.
 You are dead.

Miscellaneous:
 You encountered 1 bones level.
 Total elapsed playing time was 1 hour, 20 minutes and 4 seconds.

Major events:
 Turn
    1: BATTLEMODE the chaotic female elven Wizard entered the dungeon
 1619: attained the rank of Conjurer (level 3)
 2025: killed by a bolt of cold played by a mountain nymph

Spells:
 Name                 Level Category     Fail Retention
 force bolt             1   attack         0%   81%-90%
 extra healing          3   healing       63%  76%-100%

Skills:
 Fighting Skills
   bare handed combat [Unskilled]
   riding             [Unskilled]
 Weapon Skills
   dagger             [Unskilled]
   knife              [Unskilled]
   axe                [Unskilled]
   short sword        [Unskilled]
   club               [Unskilled]
   mace               [Unskilled]
   quarterstaff       [Basic]
   polearms           [Unskilled]
   spear              [Unskilled]
   trident            [Unskilled]
   sling              [Unskilled]
   dart               [Unskilled]
   shuriken           [Unskilled]
 Spellcasting Skills
   attack spells      [Basic]
   healing spells     [Unskilled]
   divination spells  [Unskilled]
   enchantment spells [Basic]
   clerical spells    [Unskilled]
   escape spells      [Unskilled]
   matter spells      [Unskilled]

Voluntary challenges:
 Character rerolling was not enabled.
 You were an atheist.
 You were illiterate.
 You never genocided any monsters.
 You never polymorphed an object.
 You never changed form.
 You used no wishes.
Achievements:
 You entered a shop.
 You attained the rank of Conjurer.

 The Dungeons of Doom: levels 1 to 4
    Level 1:
    Level 2:
       A fountain.
    Level 3: "Helm Shop & Item Stash"
       An armor shop.
    Level 4: <- You were here.
       Final resting place for
          you, killed by a bolt of cold played by a mountain nymph,
          DiePARTEI-Tou-Hum-Fem-Neu, killed by a bolt of cold played by a mountain nymph.
 The Tutorial:
    Level 1:
       A tree.


Vanquished creatures:
  a kitten
  a giant bat
 an acid blob
  2 giant rats
  a brown mold
  a gecko
  2 jackals
  a fox
  2 kobolds
  a sewer rat
  7 grid bugs
  4 lichens
  a kobold zombie
  4 newts
29 creatures vanquished.

No species were genocided or became extinct.

Game over:
                       ----------
                      /          \
                     /    REST    \
                    /      IN      \
                   /     PEACE      \
                  /                  \
                  |    BATTLEMODE    |
                  |      56 Au       |
                  | killed by a bolt |
                  |  of cold played  |
                  |  by a mountain   |
                  |      nymph       |
                  |       2026       |
                 *|     *  *  *      | *
        _________)/\\_//(\/(/\)/\//\/|_)_______

Goodbye BATTLEMODE the Wizard...

You died in The Dungeons of Doom on dungeon level 4 with 499 points,
and 56 pieces of gold, after 2025 moves.
You were level 3 with a maximum of 23 hit points when you died.

